 Dungeon Crawl Stone Soup version 0.30-a0-728-gc68057be0a (webtiles) character file.

Game seed: 5550295592000298245

14450 freelancePsychic the Skirmisher (level 11, -2/99 HPs)
             Began as a Demigod Artificer on Jan 31, 2023.
             Slain by Azrael
             ... wielding a +0 scimitar of flaming
              (3 damage)
             ... on level 12 of the Dungeon.
             The game lasted 00:22:26 (13152 turns).

freelancePsychic the Skirmisher (DgAr)             Turns: 13152, Time: 00:22:27

Health: -2/99      AC: 21    Str: 13    XL:     11   Next: 58%
Magic:  14/14      EV: 21    Int: 13    God:
Gold:   605        SH:  5    Dex: 26    Spells: 10/10 levels left

rFire   . . .      SeeInvis .    z - +4 arbalest
rCold   . . .      Faith    .    (shield currently unavailable)
rNeg    . . .      Spirit   .    D - +0 acid dragon scales
rPois   .          Reflect  +    p - +2 helmet
rElec   .          Harm     .    C - +2 cloak
rCorr   +          Rampage  .    o - +0 pair of gloves
Will    +....                    r - +0 pair of boots
Stlth   +++                      x - amulet of reflection
HPRegen 0.36/turn                n - +5 ring of evasion
MPRegen 0.14/turn                e - +4 ring of protection

@: hasted, studying Armour, very quick
A: high MP 1, forlorn, divine attributes
a: no special abilities


You were on level 12 of the Dungeon.
You visited 1 branch of the dungeon, and saw 14 of its levels.
You also visited: Bailey.

You collected 605 gold pieces.

Inventory:

Hand Weapons
 a - a +0 club
 f - a +2 dagger of speed
 z - a +4 arbalest (weapon)
Armour
 b - a +0 leather armour
 o - a +0 pair of gloves (worn)
 p - a +2 helmet (worn)
 q - a +0 cloak
 r - a +0 pair of boots (worn)
 C - a +2 cloak (worn)
 D - +0 acid dragon scales (worn)
 J - the +13 plate armour of Misanthropy {*Slow rF+ rCorr Dex+3}
   (You found it on level 14 of the Dungeon)

   Dex:       It affects your dexterity (+3).
   rF:        It protects you from fire.
   rCorr:     It protects you from acid and corrosion.
   *Slow:     It may slow you when you take damage.
Jewellery
 e - a +4 ring of protection (right hand)
 n - a +5 ring of evasion (left hand)
 x - an amulet of reflection (around neck)
 B - the ring of Vaigraoj {*Slow rC+ rCorr Int+3}
   (You found it on level 8 of the Dungeon)

   [ring of resist corrosion]

   Int:       It affects your intelligence (+3).
   rC:        It protects you from cold.
   rCorr:     It protects you from acid and corrosion.
   *Slow:     It may slow you when you take damage.
 F - a ring of resist corrosion
Wands
 c - a wand of flame (15)
 u - a wand of iceblast (1)
Scrolls
 j - a scroll of amnesia
 k - 3 scrolls of blinking
 l - 2 scrolls of teleportation {@r4}
 s - 3 scrolls of enchant armour
 t - a scroll of poison
 v - a scroll of immolation
 E - a scroll of silence
Potions
 g - a potion of curing {@q1}
 h - 3 potions of berserk rage
 i - 2 potions of haste {@q3}
 m - 2 potions of flight
 w - a potion of brilliance {unknown}
 A - a potion of attraction {unknown}
 G - 2 potions of magic {unknown}
 H - a potion of heal wounds {unknown}


   Skills:
 + Level 9.6 Fighting
 - Level 5.0 Short Blades
 * Level 9.7 Ranged Weapons
 + Level 8.0 Armour
 - Level 6.0 Dodging
 - Level 5.0 Stealth
 - Level 5.0 Evocations


You had 10 spell levels left.
You didn't know any spells.
Your spell library contained the following spells:

 Spells                   Type           Power      Damage    Failure   Level
 Sublimation of Blood     Necr           0%         N/A       54%         2
 Petrify                  Tmut/Erth      0%         N/A       99%         4
 Irradiate                Conj/Tmut      0%         3d11      100%        5


Dungeon Overview and Level Annotations

Branches:
Dungeon (14/15)            Temple (0/1) D:5            Lair (0/5) D:10
    Orc (0/2) D:10         Bailey (visited)
 Vaults: D:13-14

Portals:
Trove: D:10 (give +3 gold dragon scales)
Gauntlet: D:12

Annotations:
D:3 1 runed translucent door, Natasha; QueenGhuleh's ghost, weakling MiBe
D:4 Dowan; Duvessa
D:12 Azrael


Innate Abilities, Weirdness & Mutations

You have an increased reservoir of magic. (+10% MP)
You shall have no god before yourself.
Your divine heritage dramatically boosts your attributes as you level up.


Message History

You shoot a bolt. The bolt completely misses Azrael.
The bolt hits the boulder beetle.
The boulder beetle is heavily wounded.
The manticore misses you. The manticore barely misses you.
You block the manticore's attack.
Azrael is momentarily hidden by a cloud of flames.
Azrael completely misses you.
You shoot a bolt. The bolt hits Azrael.
Azrael is severely wounded.
The manticore barely misses you. The manticore closely misses you.
The manticore completely misses you. Azrael gestures at you.
The sticky flame hits you.
You are covered in liquid flames!
You shoot a bolt. The bolt hits Azrael!!
Azrael is almost dead.
You are covered in liquid flames!
The manticore closely misses you. The manticore claws you.
* * * LOW HITPOINT WARNING * * *
The manticore claws you but does no damage.
Azrael hits you but does no damage.
You shoot a bolt. The bolt hits Azrael.
Azrael is almost dead.
You are covered in liquid flames!
* * * LOW HITPOINT WARNING * * *
The manticore closely misses you.
The manticore claws you but does no damage.
The manticore barely misses you.
Azrael hits you with a +0 scimitar of flaming!
* * * LOW HITPOINT WARNING * * *
Azrael burns you.
* * * LOW HITPOINT WARNING * * *
You feel better.
You are covered in liquid flames!
* * * LOW HITPOINT WARNING * * *
The manticore bites you!!
* * * LOW HITPOINT WARNING * * *
The manticore closely misses you. The manticore completely misses you.
Azrael hits you with a +0 scimitar of flaming.
You die...

######## #... # #..# # #H.# #
#..#
################..############
.........c.....§§§............
.....^.........§H...).........
################H#############
#@# #R# ########


#BEE°°h?E ....?∩.. EE§E°hE.R .Eh..... ########○E EE...... ######## You could see
Azrael, a boulder beetle, 2 manticores and a fire elemental.

Vanquished Creatures
  Fannar (D:11)
  A boulder beetle (D:6)
  A two-headed ogre (D:10)
  Sonja (D:11)
  An orc knight (Bailey)
  A manticore (D:11)
  A cyclops (D:11)
  Joseph (D:9)
  Maurice (D:8)
  A gargoyle (D:10)
  Psyche (D:11)
  A komodo dragon (D:10)
  An unseen horror (D:10)
  3 trolls
  2 hornets
  14 yaks
  A shadow (D:9)
  Eustachio (D:3)
  A fire elemental (D:12)
  A wraith (D:9)
  2 vampire mosquitoes (D:10)
  2 acid dragons
  3 water moccasins
  4 hell hounds (D:12)
  12 orc warriors
  2 black bears
  An ice beast (D:4)
  2 ogres (D:7)
  3 centaurs
  2 kobold brigands
  A bullfrog (D:7)
  A gnoll sergeant (D:7)
  A necrophage (D:7)
  A scorpion (D:6)
  10 wights
  10 killer bees
  4 howler monkeys
  A hound (D:6)
  A jelly (D:6)
  5 orc priests
  3 iguanas
  6 orc wizards
  Robin (D:1)
  10 gnolls
  9 adders
  A white imp (D:5)
  A worm (D:3)
  3 dart slugs
  61 orcs
  9 endoplasms
  4 giant cockroaches
  15 goblins
  7 hobgoblins
  13 kobolds
  3 quokkas
  2 ball pythons
  4 bats
  4 frilled lizards
  3 rats
263 creatures vanquished.

Vanquished Creatures (collateral kills)
  An orc warrior (D:9)
  2 ogres (D:6)
  2 wights (D:6)
  An orc priest (D:9)
  2 orcs
  A kobold (D:7)
9 creatures vanquished.

Vanquished Creatures (others)
  A kobold brigand (D:7)
  2 killer bees (D:6)
  A jelly (D:7)
  An orc priest (D:5)
  A fungus (D:4)
6 creatures vanquished.

Grand Total: 278 creatures vanquished

Notes
Turn   | Place    | Note
-------+----------+-------------------------------------------
     0 | D:1      | freelancePsychic the Demigod Artificer began the quest for
                  | the Orb.
     0 | D:1      | Reached XP level 1. HP: 15/15 MP: 3/3
    46 | D:1      | Reached skill level 1 in Fighting
    46 | D:1      | Reached skill level 1 in Stealth
   162 | D:1      | Reached skill level 1 in Short Blades
   210 | D:1      | Reached XP level 2. HP: 23/23 MP: 4/4
  1071 | D:2      | Reached XP level 3. HP: 16/28 MP: 5/5
  1159 | D:2      | Noticed Robin
  1250 | D:1      | Killed Robin
  1875 | D:3      | Reached XP level 4. HP: 35/36 MP: 6/6
  1899 | D:3      | Noticed Natasha
  2437 | D:3      | Reached XP level 5. HP: 41/41 MP: 7/7
  2626 | D:3      | Noticed a green death
  2648 | D:3      | Found a runed translucent door.
  2651 | D:3      | Noticed QueenGhuleh's ghost (weakling MiBe)
  3122 | D:4      | Noticed Duvessa
  3336 | D:4      | Noticed Eustachio
  3553 | D:4      | Reached XP level 6. HP: 21/50 MP: 8/8
  3680 | D:3      | Killed Eustachio
  4158 | D:4      | Reached skill level 5 in Stealth
  4344 | D:4      | Noticed Dowan
  4390 | D:5      | Entered Level 5 of the Dungeon
  4535 | D:4      | Reached XP level 7. HP: 24/58 MP: 9/9
  4825 | D:5      | Found a staircase to the Ecumenical Temple.
  5793 | D:6      | Reached skill level 5 in Fighting
  5793 | D:6      | Reached skill level 5 in Short Blades
  5793 | D:6      | Reached skill level 1 in Dodging
  5825 | D:6      | Reached XP level 8. HP: 49/68 MP: 10/10
  6307 | D:6      | Noticed a boulder beetle
  6317 | D:6      | Killed a boulder beetle
  6725 | D:7      | Noticed a hornet
  6735 | D:7      | Killed a hornet
  6736 | D:7      | Reached skill level 5 in Evocations
  6736 | D:7      | Reached XP level 9. HP: 51/78 MP: 11/11
  6831 | D:7      | Found a flagged portal.
  6840 | Bailey   | Entered a bailey
  6947 | Bailey   | Reached skill level 1 in Ranged Weapons
  7318 | Bailey   | Reached skill level 5 in Dodging
  7341 | Bailey   | Noticed an orc knight
  7547 | Bailey   | Killed an orc knight
  8507 | D:8      | Identified the ring of Vaigraoj {*Slow rC+ rCorr Int+3}
  8729 | D:7      | Reached skill level 5 in Ranged Weapons
  8767 | D:8      | Noticed Maurice
  9178 | D:8      | Reached XP level 10. HP: 66/88 MP: 13/13
  9178 | D:8      | Killed Maurice
  9607 | D:9      | Noticed Joseph
  9695 | D:9      | Killed Joseph
  9880 | D:9      | Identified the +1 rapier of Qyrhuc {antimagic, Str+2}
 10274 | D:9      | Paralysed by a hornet for 2 turns
 10277 | D:9      | Paralysed by a hornet for 2 turns
 10524 | D:10     | Entered Level 10 of the Dungeon
 10634 | D:10     | Reached skill level 5 in Armour
 10803 | D:10     | Found a staircase to the Orcish Mines.
 11069 | D:10     | Found a staircase to the Lair.
 11380 | D:10     | Found a portal to a secret trove of treasure.
 11444 | D:10     | Reached XP level 11. HP: 87/95 MP: 14/14
 11667 | D:10     | Noticed a two-headed ogre
 11672 | D:10     | Killed a two-headed ogre
 11864 | D:11     | Noticed Sonja
 11890 | D:11     | Killed Sonja
 12080 | D:11     | Noticed Psyche
 12085 | D:11     | Killed Psyche
 12246 | D:11     | Identified the +0 scale mail of Hide-and-Seek {Stlth+}
 12246 | D:11     | Noticed Fannar
 12257 | D:11     | Killed Fannar
 13008 | D:12     | Found a gate leading to a gauntlet.
 13013 | D:12     | You fall into a shaft and drop 2 floors!
 13049 | D:14     | Identified the +13 plate armour of Misanthropy {*Slow rF+
                  | rCorr Dex+3}
 13072 | D:12     | Noticed a centaur warrior
 13117 | D:12     | Noticed a boulder beetle
 13117 | D:12     | Noticed Azrael
 13152 | D:12     | HP: 1/99 [manticore (18)]
 13152 | D:12     | Slain by Azrael

Illustrated notes

Levels and vault maps discovered:
D:1:      amcnicky_arrival_abandoned_market, layout_basic, minmay_tetromino_l2
D:2:      layout_basic, basic_ecumenical_altar, uniq_robin
D:3:      layout_basic, lemuel_tele_altar, makhleb_altar_promises_db,
          mainiacjoe_overflow_concentric_impassable, ebering_ghost_sewer_d,
          uniq_natasha
D:4:      layout_loops_ring, mainiacjoe_overflow_boulevard, grunt_gozag_statues,
          xom_teletrap_fun, uniq_duvessa, uniq_eustachio
D:5:      layout_rooms, nicolae_ru_great_annihilating_truth,
          okawaru_metal_pillars_3, minmay_temple_entry_ruins, kennysheep_doodads
D:6:      layout_loops_ring, nicolae_overflow_hidden_temple
D:7:      layout_basic, nicolae_uskayaw_murder_on_the_dancefloor,
          mainiacjoe_overflow_large_starburst, nemelex_dance_club_becter,
          enter_bailey_2, corexii_item_surrounded_by_moat
D:8:      layout_loops_corners, uniq_maurice
D:9:      layout_rooms, uniq_joseph
D:10:     layout_layer_cave, dpeg_oklobed_lair, david_orc_2,
          nicolae_trove_entry_crossroad, chequers_serial_rivers_micro_a
D:11:     layout_roguey, uniq_psyche, uniq_fannar, uniq_sonja
D:12:     layout_long_grid, gauntlet_entry_generic, minmay_misc_feat_cross,
          uniq_azrael
D:13:     layout_layer_cave, uniq_erolcha
D:14:     layout_stronghold, hangedman_vaults_entry_quadrant_bands,
          nicolae_sextant, serial_shops, nicolae_stop_n_shop_2, shop,
          nicolae_yredelemnul_ghost_church

Skill      XL: |  1  2  3  4  5  6  7  8  9 10 11 |
---------------+----------------------------------+-----
Fighting       | 1 2 3 5 6 7 8 9 |  9.6
Stealth        | 1 2 3 4 5 |  5.0
Short Blades   | 1 2 3 5 |  5.0
Dodging        | 1 4 5 6 |  6.0
Evocations     | 5 |  5.0
Ranged Weapons | 5 8 9 |  9.7
Armour         | 5 8 |  8.0

Action                     |  1- 3 |  4- 6 |  7- 9 | 10-12 || total
---------------------------+-------+-------+-------+-------++-------
  Melee: Dagger            |   138 |   266 |   246 |       ||   650
         Punch             |       |     5 |     7 |       ||    12
         Arbalest          |       |       |       |     1 ||     1
   Fire: Arbalest          |       |       |   152 |   254 ||   406
  Evoke: Wand              |     1 |    12 |    29 |    14 ||    56
    Use: Scroll            |     1 |     3 |    17 |     7 ||    28
         Potion            |       |       |       |    10 ||    10
   Stab: Sleeping          |     4 |    12 |     6 |       ||    22
         Distracted        |       |     2 |       |       ||     2
         Paralysed         |       |       |     5 |       ||     5
 Armour: Leather armour    |    23 |    36 |    40 |       ||    99
         Acid dragon scale |       |       |       |    67 ||    67
  Dodge: Dodged            |    63 |   171 |   257 |   236 ||   727
  Block: Other             |       |       |       |    21 ||    21
         Reflection        |       |       |       |     2 ||     2

Table legend: (Time is in decaauts)
 A = Elapsed time spent in this place.
 B = Non-inter-level travel time spent in this place.
 C = Inter-level travel time spent in this place.
 D = Time resting spent in this place.
 E = Time spent auto-exploring this place.
 F = Levels seen in this place.
 G = Mean time per level.
                   A        B        C        D        E       F      G
               +--------+--------+--------+--------+--------+-----+--------+
         Total |  13148 |  12521 |    627 |    779 |   9242 |  15 |  876.5 |
       Dungeon |  12174 |  11547 |    627 |    620 |   8704 |  14 |  869.6 |
        Bailey |    973 |    973 |      0 |    158 |    538 |   1 |  973.0 |
               +--------+--------+--------+--------+--------+-----+--------+

Top non-repeatable levels by time:
     D:3: 1798 daAuts
    D:10: 1376 daAuts
    D:11: 1191 daAuts
     D:9: 1176 daAuts
     D:6: 1057 daAuts
     D:8: 1036 daAuts
  Bailey: 973 daAuts
     D:1: 928 daAuts
     D:4: 910 daAuts
     D:5: 904 daAuts
     D:2: 852 daAuts
     D:7: 815 daAuts
    D:12: 67 daAuts
    D:14: 53 daAuts
    D:13: 4 daAuts
